 Dungeon Crawl Stone Soup version 0.29.1-15-g9cfb28693d (webtiles) character file.

Game seed: 5948115581935644432

14 fozzywoppz the Trooper (level 2, 0/19 HPs)
             Began as a Gargoyle Monk on Mar 15, 2023.
             Slain by a quokka (2 damage)
             ... on level 1 of the Dungeon.
             The game lasted 00:01:02 (400 turns).

fozzywoppz the Trooper (Gargoyle Monk)               Turns: 400, Time: 00:01:03

Health: 0/19       AC:  4    Str: 14    XL:     2   Next: 45%
Magic:  2/2        EV: 12    Int: 10    God:
Gold:   0          SH:  0    Dex: 12    Spells: 1/1 levels left

rFire   . . .      SeeInvis .   a - +0 mace
rCold   . . .      Faith    .   (no shield)
rNeg    + . .      Spirit   .   b - +0 robe
rPois   ∞          Reflect  .   (no helmet)
rElec   +          Harm     .   (no cloak)
rCorr   .          Rampage  .   (no gloves)
Will    .....                   (no boots)
Stlth   ++........              (no amulet)
HPRegen 0.06/turn               (no ring)
MPRegen 0.08/turn               (no ring)

@: no status effects
A: sickness immunity, AC +2, negative energy resistance 1, electricity
resistance, torment resistance 1, petrification resistance
a: no special abilities


You were on level 1 of the Dungeon.
You visited 1 branch of the dungeon, and saw 1 of its levels.

Inventory:

Hand Weapons
 a - a +0 mace (weapon)
Armour
 b - a +0 robe (worn)
Potions
 c - a potion of ambrosia


   Skills:
 + Level 3.5 Fighting
 + Level 3.3 Maces & Flails
 + Level 2.5 Dodging
 + Level 2.3 Stealth


You had one spell level left.
You didn't know any spells.
Your spell library contained the following spells:

 Spells                   Type           Power      Damage    Failure   Level
 Ensorcelled Hibernation  Hex/Ice        0%         N/A       50%         2
 Spider Form              Tmut/Pois      0%         N/A       75%         3
 Anguish                  Hex/Necr       0%         N/A       98%         4


Dungeon Overview and Level Annotations

Branches:
Dungeon (1/15)

Altars:


Innate Abilities, Weirdness & Mutations

You are immune to sickness and miasma.
Your stone body is resilient. (AC +2)
You are immune to poison.
You resist negative energy. (rN+)
You are resistant to electric shocks. (rElec)
You are resistant to unholy torment.
You are immune to petrification.


Message History

The quokka barely misses you.
You hit the quokka.
The quokka is heavily wounded.
The quokka bites you but does no damage. x2
The quokka barely misses you.
You miss the quokka.
The quokka is heavily wounded.
The quokka barely misses you. The quokka closely misses you.
You miss the quokka.
The quokka is moderately wounded.
The quokka closely misses you. The quokka bites you. The quokka misses you.
The quokka barely misses you.
You hit the quokka.
You kill the quokka!
The quokka bites you but does no damage.
Things that are here:
a book of Dreams; a quokka corpse You pick up a book of Dreams and begin reading...
You add the spells Ensorcelled Hibernation, Spider Form and Anguish to your library.
The quokka barely misses you. The quokka bites you.
You closely miss the quokka. The quokka barely misses you.
The ball python barely misses you. The ball python misses you.
You hit the quokka but do no damage.
The quokka bites you but does no damage.
The ball python bites you but does no damage.
The ball python grabs you. The ball python constricts you.
You closely miss the quokka. The quokka barely misses you.
The ball python bites you. The ball python constricts you.
The quokka bites you.
* * * LOW HITPOINT WARNING * * *
The ball python bites you.
* * * LOW HITPOINT WARNING * * *
The ball python constricts you.
You escape the ball python's grasp.
You see here a +0 robe.
The quokka attacks as you move away! The quokka barely misses you. x2
Okay, then.
You closely miss the quokka. The quokka barely misses you. x2
You barely miss the quokka. The quokka bites you.
You die...

..... ##.# # .....#
..?.. ......# .....
....... ......
#....#.##......
............... #
#....#S.####... #
....##########†### #
.......@rS.[.....# #
....##########.#.## .
#.#..###### #........#.
#.......>..
#############........##
........†...†........##
##############.......##
............


You could see a quokka and a ball python.

Vanquished Creatures
  A giant cockroach (D:1)
  A hobgoblin (D:1)
  5 kobolds (D:1)
  A quokka (D:1)
  A frilled lizard (D:1)
  4 rats (D:1)
13 creatures vanquished.

Vanquished Creatures (others)
  9 plants (D:1)
9 creatures vanquished.

Grand Total: 22 creatures vanquished

Notes
Turn   | Place    | Note
-------+----------+-------------------------------------------
     0 | D:1      | fozzywoppz the Gargoyle Monk began the quest for the Orb.
     0 | D:1      | Reached XP level 1. HP: 14/14 MP: 1/1
    49 | D:1      | Reached XP level 2. HP: 9/19 MP: 2/2
   400 | D:1      | Slain by a quokka

Illustrated notes

Levels and vault maps discovered:
D:1:      dpeg_arrival_shrine, layout_basic, lexackson_kobold_supper

Action                   || total
-------------------------++-------
Melee: Mace              ||    64
 Stab: Sleeping          ||     2
Armor: Robe              ||    24
Dodge: Dodged            ||    57
